 Dungeon Crawl Stone Soup version 0.28-a0-1404-g4df0f3684d (webtiles) character file.

Game seed: 8767946462843713607

28 HallandMoats the Skirmisher (level 2, -2/27 HPs)
             Began as a Minotaur Fighter on Jan 5, 2022.
             Was a Follower of Fedhas.
             Frozen to death by an endoplasm (3 damage)
             ... on level 2 of the Dungeon.
             The game lasted 00:01:40 (1549 turns).

HallandMoats the Skirmisher (Minotaur Fighter)      Turns: 1549, Time: 00:01:41

Health: -2/27      AC:  7    Str: 20    XL:     2   Next: 96%
Magic:  2/2        EV:  9    Int:  5    God:    Fedhas [*.....]
Gold:   58         SH:  4    Dex:  9    Spells: 1/1 levels left

rFire   . . .      SeeInvis .   a - +0 war axe
rCold   . . .      Faith    .   c - +0 buckler
rNeg    . . .      Spirit   .   b - +0 scale mail
rPois   .          Reflect  .   (helmet restricted)
rElec   .          Harm     .   (no cloak)
rCorr   .          Rampage  .   (no gloves)
Will    .....                   (no boots)
Stlth   ..........              (no amulet)
HPRegen 0.09/turn               (no ring)
MPRegen 0.08/turn               (no ring)

@: no status effects
A: horns 2, retaliatory headbutt
a: Renounce Religion


You were on level 2 of the Dungeon.
You worshipped Fedhas.
Fedhas was aware of your devotion.
You visited 1 branch of the dungeon, and saw 2 of its levels.

You collected 58 gold pieces.

Inventory:

Hand Weapons
 a - a +0 war axe (weapon)
Armour
 b - a +0 scale mail (worn)
 c - a +0 buckler (worn)
Scrolls
 e - a scroll of acquirement {unknown}
 f - a scroll of teleportation {unknown}
Potions
 d - a potion of might


   Skills:
 + Level 3.9 Fighting
 + Level 2.7 Axes
 + Level 3.7 Armour
 + Level 0.5 Dodging
 + Level 3.8 Shields
 * Level 1.4 Invocations


You had one spell level left.
You didn't know any spells.
Your spell library contained the following spells:

 Spells                   Type           Power      Damage    Failure   Level
 Conjure Flame            Conj/Fire      0%         6-21      99%         3
 Ignite Poison            Fire/Tmut/Pois 0%         N/A       99%         3
 Sticky Flame             Conj/Fire      0%         2d3       100%        4


Dungeon Overview and Level Annotations

Branches:
Dungeon (2/15)

Altars:
Fedhas


Innate Abilities, Weirdness & Mutations

You have a pair of horns on your head.
You reflexively headbutt those who attack you in melee.


Message History

You are frozen.
The endoplasm freezes you.
You are frozen.
The endoplasm jiggles.
The endoplasm misses you. The endoplasm hits you. The endoplasm hits you.
The endoplasm closely misses you. The endoplasm freezes you.
You are frozen.
The endoplasm misses you.
The endoplasm hits you but does no damage.
The endoplasm barely misses you. The endoplasm freezes you.
You are frozen.
The endoplasm hits you but does no damage.
You block the endoplasm's attack. You block the endoplasm's attack.
The endoplasm freezes you.
You are frozen.
* * * LOW HITPOINT WARNING * * *
The endoplasm hits you but does no damage.
The endoplasm freezes you.
You are frozen.
* * * LOW HITPOINT WARNING * * *
The endoplasm closely misses you.
The endoplasm hits you but does no damage.
The endoplasm completely misses you.
The endoplasm hits you but does no damage.
The endoplasm hits you but does no damage.
The endoplasm freezes you.
You are frozen.
* * * LOW HITPOINT WARNING * * *
The endoplasm freezes you.
You are frozen.
* * * LOW HITPOINT WARNING * * *
The endoplasm freezes you.
You are frozen.
You die...
Fedhas appreciates your contribution to the ecosystem.

### .. .. ####### .
....... .## ....<..
#.####.#
.......##########.......
.....(J@........######.#
.......#####..........#.
....... #.#.......#≈.
....... #.#...#..#.≈§
##.#### #.#>....#..≈. #
#.#.....#≈≈§≈
########.#.........≈
#......#..#....#≈≈≈§
#......#.###...#..≈.


You could see an endoplasm.

Vanquished Creatures
  An orc (D:2)
  5 bats
  4 endoplasms
  A giant cockroach (D:1)
  2 hobgoblins (D:2)
  2 jackals (D:1)
  2 kobolds (D:1)
  A quokka (D:1)
  A ball python (D:2)
  2 goblins (D:1)
  2 rats
23 creatures vanquished.

Notes
Turn   | Place    | Note
-------+----------+-------------------------------------------
     0 | D:1      | HallandMoats the Minotaur Fighter began the quest for the
                  | Orb.
     0 | D:1      | Reached XP level 1. HP: 19/19 MP: 0/0
   467 | D:1      | Reached XP level 2. HP: 27/27 MP: 1/1
   520 | D:1      | Reached skill level 1 in Invocations
   725 | D:2      | Found a faded altar of an unknown god.
   769 | D:2      | Prayed at the altar of an unknown god.
   769 | D:2      | Became a worshipper of Fedhas Madash
   769 | D:2      | Reached * piety under Fedhas
  1548 | D:2      | HP: 1/27 [frozen (3)]
  1549 | D:2      | Frozen to death by an endoplasm

Illustrated notes

Levels and vault maps discovered:
D:1:      dpeg_arrival_tiny_b, layout_basic
D:2:      layout_loops_cross, shapermc_ecumenical_altar_starsandcircs,
          grunt_ministairs_1, minmay_pentomino_w2

Skill      XL: |  1  2 |
---------------+-------+-----
Invocations    | 1 |  1.4
Fighting       | |  3.9
Axes           | |  2.7
Armour         | |  3.7
Dodging        | |  0.5
Shields        | |  3.8

Action                   || total
-------------------------++-------
Melee: War axe           ||    24
       Headbutt          ||     2
Armor: Scale mail        ||    62
Dodge: Dodged            ||    50
Block: Buckler           ||    30

Table legend: (Time is in decaauts)
 A = Elapsed time spent in this place.
 B = Non-inter-level travel time spent in this place.
 C = Inter-level travel time spent in this place.
 D = Time resting spent in this place.
 E = Time spent auto-exploring this place.
 F = Levels seen in this place.
 G = Mean time per level.
                   A        B        C        D        E       F      G
               +--------+--------+--------+--------+--------+-----+--------+
         Total |   1558 |   1558 |      0 |    155 |   1010 |   2 |  779.0 |
       Dungeon |   1558 |   1558 |      0 |    155 |   1010 |   2 |  779.0 |
               +--------+--------+--------+--------+--------+-----+--------+

Top non-repeatable levels by time:
     D:2: 843 daAuts
     D:1: 715 daAuts
